[Event "5th Sharjah Masters 2022"]
[Site "Sharjah"]
[Date "2022.05.27"]
[Round "7.6"]
[White "Sarana, Alexey"]
[Black "Tabatabaei, M. Amin"]
[Result "1/2-1/2"]
[ECO "E51"]
[WhiteElo "2675"]
[BlackElo "2650"]
[Annotator "TA"]
[PlyCount "109"]
[EventDate "2022.05.21"]
[EventType "swiss"]
[EventCountry "UAE"]
[SourceTitle "playchess.com"]
[Source "ChessBase"]
[SourceQuality "1"]
[TimeControl "5400+30"]

1. d4 Nf6 2. c4 e6 3. Nc3 Bb4 4. e3 O-O 5. Bd3 d5 6. a3 dxc4 7. Bxc4 Be7 8. Nf3 c5 9. O-O a6 {[%emt 0:00:05] E51: Nimzo-Indian: Rubinstein: 4...0-0 5 Nf3 d5.} 10. dxc5 Bxc5 11. Bd3 Nbd7 12. Qe2 b5 13. e4 {[%emt 0:05:23] [#] And now e5 would win.} Bb7 {[%emt 0:00:22] [#]} 14. Bf4 $146 ({Predecessor:} 14. e5 Bxf3 15. gxf3 Nh5 16. Qe4 g6 17. Be2 Ng7 18. Bh6 Re8 19. Rad1 Nf5 20. Bc1 {1-0 (45) Gareyev,T (2565)-Yoo,C (2535) San Salvador 2022}) 14... Nh5 15. Bg5 Qc7 16. Rac1 Nf4 17. Qd2 Nxd3 18. Qxd3 Ne5 (18... h6 {feels hotter.} 19. Bh4 Ne5 20. Nxe5 Qxe5 21. Qd7 Ra7) 19. Qe2 Nxf3+ 20. Qxf3 Qb6 21. b4 Bd4 22. Ne2 Rac8 23. Be7 Rfe8 24. Rxc8 Rxc8 25. Nxd4 (25. h3 $11 {should be considered.}) 25... Qxd4 $15 26. Rd1 Qc4 27. Qg4 Bxe4 28. Bf6 {[%emt 0:02:23][%csl Gf6][%cal Rg4g7] [#]} Bg6 29. Qxc4 bxc4 {[%emt 0:00:05][%mdl 4096] Endgame KRB-KRB} 30. Bc3 Bd3 31. f4 f6 32. Rd2 Kf7 33. Kf2 h5 34. a4 Rb8 35. Ke3 Ke7 36. Rb2 Kd6 37. b5 axb5 38. axb5 Kc7 39. b6+ Kb7 (39... Rxb6 $2 40. Ba5 $18) 40. Rb5 Kc6 41. Rxh5 Rxb6 42. Ra5 $1 Rb3 43. Kd2 Bf5 44. h3 Rb1 45. Ra7 Rb7 46. Rxb7 Kxb7 $11 {[%emt 0:00:02] KB-KB} 47. g4 Bd3 48. h4 Kc6 49. g5 fxg5 50. hxg5 g6 51. Ke3 Kd5 52. Be5 Kc5 53. Bc3 Kd5 54. Be5 Kc5 55. Bc3 {[%emt 0:00:03] Weighted Error Value: White=0.07 (flawless) /Black=0.08 (flawless)} 1/2-1/2

[Event "5th Sharjah Masters 2022"]
[Site "Sharjah"]
[Date "2022.05.27"]
[Round "7.7"]
[White "Petrosyan, Manuel"]
[Black "Idani, Pouya"]
[Result "1/2-1/2"]
[ECO "E51"]
[WhiteElo "2638"]
[BlackElo "2635"]
[Annotator "TA"]
[PlyCount "65"]
[EventDate "2022.05.21"]
[EventType "swiss"]
[EventCountry "UAE"]
[SourceTitle "playchess.com"]
[Source "ChessBase"]
[SourceQuality "1"]
[TimeControl "5400+30"]

1. d4 Nf6 2. c4 e6 3. Nc3 Bb4 4. e3 O-O 5. Nf3 d5 6. Bd2 c5 7. a3 Bxc3 8. Bxc3 Ne4 {[%emt 0:00:04] E51: Nimzo-Indian: Rubinstein: 4...0-0 5 Nf3 d5.} 9. Rc1 (9. Qc2 $5 ) 9... Nxc3 10. Rxc3 cxd4 {[%emt 0:00:08] White has an edge.} 11. Qxd4 Nc6 12. Qd2 dxc4 13. Bxc4 Qxd2+ 14. Kxd2 Rd8+ 15. Ke2 Bd7 16. Rhc1 Kf8 17. b4 {[%emt 0:05:14] [#]} a6 $146 ({Predecessor:} 17... Rac8 18. Bd3 Ne7 19. Ne5 Rxc3 20. Nxd7+ Rxd7 21. Rxc3 g6 22. f4 h5 23. Bb5 Rd5 {½-½ (70) Li,C (2699)-Sargsyan,S (2488) Chess.com INT 2019}) 18. e4 Rac8 19. Ke3 Na7 20. Nd4 {[%emt 0:11:02] The position is equal.} e5 21. Nb3 Nb5 22. Bxb5 Rxc3+ 23. Rxc3 Bxb5 $11 {[%emt 0:00:06][%mdl 4096] Endgame KRB-KRN} 24. f4 exf4+ 25. Kxf4 b6 26. Ke3 Bf1 27. g3 Rd1 28. Nd4 g6 {[%emt 0:00:59] Prevents Nf5.} 29. h4 Kg7 30. Nf3 Bb5 31. Nd4 Bf1 32. Nf3 Bb5 33. Nd4 {[%emt 0:26:36] Weighted Error Value: White=0.05 (flawless) /Black=0.04 (flawless)} 1/2-1/2

[Event "5th Sharjah Masters 2022"]
[Site "Sharjah"]
[Date "2022.05.27"]
[Round "7.9"]
[White "Puranik, Abhimanyu"]
[Black "Sargissian, Gabriel"]
[Result "1/2-1/2"]
[ECO "C88"]
[WhiteElo "2608"]
[BlackElo "2694"]
[Annotator "TA"]
[PlyCount "79"]
[EventDate "2022.05.21"]
[EventType "swiss"]
[EventCountry "UAE"]
[SourceTitle "playchess.com"]
[Source "ChessBase"]
[SourceQuality "1"]
[TimeControl "5400+30"]

1. e4 e5 2. Nf3 Nc6 3. Bb5 a6 4. Ba4 Nf6 5. O-O Be7 6. Re1 b5 7. Bb3 O-O 8. a4 Rb8 9. axb5 axb5 10. d3 d6 11. Nbd2 {[%emt 0:03:51] 11.h3 is becoming the main line. C88: Closed Ruy Lopez: Anti-Marshall Systems.} Nb4 12. Nf1 c5 {[%emt 0:00:07] [#]} 13. Bd2 $146 {[%emt 0:19:13] White has an edge.} ({Predecessor:} 13. c3 Nc6 14. Ng3 Qc7 15. h3 b4 16. Be3 Bd7 17. d4 Na5 18. Ba4 Nc4 19. Qe2 Nxe3 20. Qxe3 {1-0 (45) Panocki,A (2338)-Chirila,I (2425) Herceg Novi 2008}) 13... Nc6 14. Ne3 Be6 15. Nd5 Bg4 16. Be3 Nxd5 17. Bxd5 Nb4 18. Bb3 Qc8 19. h3 c4 {[%emt 0:04:31] Threatens to win with ...Bxf3.} 20. hxg4 {[%emt 0:03:59] aiming for Bd2.} cxb3 21. cxb3 Qxg4 22. d4 Rbc8 {[%emt 0:16:21] White must now prevent ...Nc2.} (22... Qxe4 $2 23. Bd2 Qb7 24. Bxb4 $18) 23. Re2 {[%emt 0:11:04] Inhibits Nc2.} Bf6 (23... Qxe4 $2 24. Bd2 Qb7 25. Bxb4 $18) 24. d5 Qxe4 $2 (24... Rfe8 $11 {and Black is okay.}) 25. Bd2 $1 $18 ({Weaker is} 25. Bc5 Qf4 26. Bxd6 Rfd8 27. Bxe5 Bxe5 28. Rxe5 f6 $11) 25... Qg4 26. Nh2 {[%emt 0:00:24][%mdl 1024] White has strong compensation.} Qd4 27. Nf3 Qg4 28. Bc3 (28. Be1 $1 $18 {and the rest is easy.}) 28... Qf4 $2 {[%emt 0:10:47] [#]} (28... Rxc3 $16 29. bxc3 e4) 29. Nh2 $1 Bh4 {[%emt 0:00:08] [#]} 30. g3 $2 (30. Be1 $1 $18) 30... Bxg3 $1 $11 {[%emt 0:00:18] The position is equal.} 31. fxg3 Qxg3+ 32. Rg2 Qe3+ 33. Kh1 Nd3 {[%emt 0:05:02] ...Nf2+ is the strong threat.} 34. Ng4 {[%emt 0:02:03] Inhibits Nf2+.} Qh3+ 35. Rh2 Qg3 36. Rg2 $1 {[%emt 0:00:57] Dancing on a razor blade.} Qh3+ 37. Rh2 Qg3 38. Rg2 $1 Qh3+ 39. Rh2 Qg3 40. Rg2 $1 {[%emt 0:00:51] Weighted Error Value: White=0.24 (precise) /Black=0.22 (precise)} 1/2-1/2

[Event "5th Sharjah Masters 2022"]
[Site "Sharjah"]
[Date "2022.05.27"]
[Round "7.10"]
[White "Narayanan.S.L"]
[Black "Hakobyan, Aram"]
[Result "1/2-1/2"]
[ECO "E51"]
[WhiteElo "2662"]
[BlackElo "2615"]
[Annotator "TA"]
[PlyCount "76"]
[EventDate "2022.05.21"]
[EventType "swiss"]
[EventCountry "UAE"]
[SourceTitle "playchess.com"]
[Source "ChessBase"]
[SourceQuality "1"]
[TimeControl "5400+30"]

1. d4 d5 2. c4 e6 3. Nf3 Nf6 4. Nc3 Bb4 5. e3 O-O 6. a3 Bxc3+ 7. bxc3 c6 8. a4 {[%emt 0:01:11] E51: Nimzo-Indian: Rubinstein: 4...0-0 5 Nf3 d5.} Qc7 9. a5 Nbd7 10. Be2 {[%emt 0:01:06] White is slightly better.} c5 {[%emt 0:03:50] [#]} 11. cxd5 $146 ({Predecessor:} 11. O-O dxc4 12. Qc2 Rb8 13. e4 b5 14. axb6 Rxb6 15. e5 Nd5 16. Ng5 g6 17. Ne4 cxd4 18. cxd4 {½-½ (48) Sousa,C (2130)-Wlodarczyk,R (2210) ICCF email 2011}) 11... exd5 12. Nd2 Re8 13. O-O c4 14. Re1 Nf8 15. Nf1 Ne4 16. Bd2 Ng6 17. f3 Nd6 18. Qc1 Re7 19. Ng3 Nf5 20. Nh1 Bd7 21. Nf2 (21. Bd1 {is interesting.} Rae8 22. Bc2 Ngh4 23. Re2) 21... Nd6 {[%emt 0:01:10] Against e4} 22. Bd1 Bc6 23. Bc2 f5 {[%emt 0:00:07] Prevents e4.} 24. g3 Rae8 25. Kh1 Re6 26. Rg1 Qf7 27. Nh3 Nf8 28. Nf4 {[%emt 0:02:58] Against Qh5} (28. Ng5 {seems wilder.} Qh5 29. g4 Qxg5 30. gxf5 Qh5 31. fxe6 Qxf3+ 32. Rg2) 28... Rf6 29. h4 Ne6 30. Nh3 h6 31. Kg2 g5 32. hxg5 hxg5 33. Rh1 g4 34. Nf4 Nxf4+ 35. gxf4 Rg6 36. fxg4 (36. Rh4 $11) 36... Rxg4+ $15 37. Kf2 $1 Qg6 {[%emt 0:00:59] [#] ( -> ...Rg2+)} 38. Qg1 {[%emt 0:01:58] Against Rg2+} Kf7 {[%emt 0:06:09] Weighted Error Value: White=0.09 (flawless) /Black=0.08 (flawless)} 1/2-1/2

[Event "5th Sharjah Masters 2022"]
[Site "Sharjah"]
[Date "2022.05.27"]
[Round "7.11"]
[White "Sethuraman, S.P."]
[Black "Moussard, Jules"]
[Result "1/2-1/2"]
[ECO "D78"]
[WhiteElo "2613"]
[BlackElo "2651"]
[Annotator "TA"]
[PlyCount "61"]
[EventDate "2022.05.21"]
[EventType "swiss"]
[EventCountry "UAE"]
[SourceTitle "playchess.com"]
[Source "ChessBase"]
[SourceQuality "1"]
[TimeControl "5400+30"]

1. c4 c6 2. Nf3 d5 3. d4 Nf6 4. g3 g6 5. Bg2 Bg7 6. O-O O-O 7. b3 Bf5 8. Bb2 a5 9. Nc3 Ne4 10. e3 Nxc3 {[%emt 0:10:32] D78: Fianchetto Grünfeld: 6 0-0 c6.} 11. Bxc3 Be4 12. Bh3 e6 {[%emt 0:01:04] [#] The position is equal.} 13. Nd2 $146 ({Predecessor:} 13. Qe2 Bxf3 14. Qxf3 Nd7 15. Qe2 f5 16. f3 Re8 17. Rad1 a4 18. Rfe1 axb3 19. axb3 {½-½ (42) Donchenko,A (2523)-Mamedov,R (2652) Doha 2014}) 13... Bd3 14. Re1 b5 15. cxb5 Bxb5 16. a4 Bd3 17. b4 Na6 18. bxa5 c5 19. Nb3 Bc4 20. Nd2 Bd3 21. Nb3 Bc4 22. Nd2 Bd3 23. Nb3 c4 ({Better is} 23... Bc4 $1 $11) 24. Nc1 $1 $36 {[%emt 0:36:06][%mdl 2048] White is more active.} Bf5 25. g4 (25. Bxf5 $14 gxf5 26. Rb1) 25... Qh4 $15 26. Kg2 {[#]} Nc5 $1 27. gxf5 {[%emt 0:01:00] And now Qg4 would win.} Ne4 28. Na2 $1 ({Avoid the trap} 28. Qc2 $2 Ng5 29. Kh1 Nf3 $19) 28... Qxf2+ (28... h5 $15 {keeps the upper hand.} 29. f6 Bxf6) 29. Kh1 $16 Qh4 {...Nf2+ is the strong threat.} 30. Qf3 Ng5 (30... gxf5 $142 31. Bg2 Nf2+ 32. Kg1 Ne4) 31. Qd1 $2 {[%emt 0:00:30][%mdl 32768] Weighted Error Value: White=0.12 (very precise) /Black=0.09 (flawless) . An unexpected result.} 1/2-1/2

[Event "5th Sharjah Masters 2022"]
[Site "Sharjah"]
[Date "2022.05.27"]
[Round "7.12"]
[White "Sargsyan, Shant"]
[Black "Sanal, Vahap"]
[Result "1-0"]
[ECO "D11"]
[WhiteElo "2641"]
[BlackElo "2575"]
[Annotator "TA"]
[PlyCount "99"]
[EventDate "2022.05.21"]
[EventType "swiss"]
[EventCountry "UAE"]
[SourceTitle "playchess.com"]
[Source "ChessBase"]
[SourceQuality "1"]
[TimeControl "5400+30"]

1. d4 d5 2. c4 c6 3. Nf3 Nf6 4. e3 Bg4 5. h3 Bh5 6. g4 {[%emt 0:00:14] D11: Slav Defence: 3 Nf3 sidelines and 3...Nf6 4 e3 Bg4.} Bg6 7. Ne5 Nbd7 8. Nxg6 {[%emt 0:01:06] White has an edge.} hxg6 9. cxd5 cxd5 10. Nc3 e6 11. Bd2 g5 12. Bd3 {[%emt 0:03:15] [#]} a6 $146 ({Predecessor:} 12... Be7 13. Rc1 Rc8 14. f3 Kf8 15. Kf2 g6 16. Qa4 a6 17. Qb3 b5 18. a4 b4 {1-0 (44) Gunina,V (2525)-Girya,O (2450) Khanty-Mansiysk 2016}) 13. Kf1 b5 14. Kg2 g6 15. Ne2 (15. Rc1 {looks sharper.} Bd6 16. e4 dxe4 17. Bxe4 b4 18. Bxa8 Qxa8+ 19. Qf3) 15... Nb6 {[%emt 0:06:23] Against a4} 16. f3 (16. b3 {is interesting.} Qd6 17. f3 Be7 18. Be1) 16... Be7 17. b3 {[%emt 0:03:14] Inhibits Nc4.} Nfd7 18. Qb1 Rb8 {[%emt 0:10:26][%cal Ob6c4] [#]} 19. Be1 (19. Bxg6 $1 $16 {Black must now prevent Bc2.} fxg6 20. Qxg6+ Kf8 21. Qxe6) 19... Kf8 (19... Ba3 $11 {keeps the balance.}) 20. Bg3 $16 Rc8 21. Qe1 Kg7 22. Qa5 Ra8 23. Rhc1 Qf8 $1 {[%emt 0:00:33] aiming for ...Bb4.} 24. a3 {[%emt 0:02:06] Against Bb4} Bd6 25. Rc6 Bxg3 26. Nxg3 Rc8 27. Rcc1 ({Much worse is} 27. Rxb6 Nxb6 28. Qxb6 Rc3 $15) 27... Rxc1 28. Rxc1 Qd6 29. Ne2 Ra8 30. Rh1 Rc8 ({Black should play} 30... e5 $11) 31. Qxa6 $14 Ra8 32. Qxb5 {[%emt 0:00:02] Threatens to win with a4.} Qxa3 33. Rb1 ({White should try} 33. Bb1 $14) 33... Qd6 (33... Rc8 $11) 34. Rc1 $16 Ra2 (34... Qa3 $14) 35. Rc2 Ra1 36. Qc6 Qa3 37. Qc3 Rb1 38. Nc1 Kg8 39. Kf2 Kg7 (39... Qd6 $2 40. Re2 Rxc1 41. Qxc1 $18) (39... Ra1 $16 40. Kg2 Kg7) 40. Ke2 $18 Qd6 {[%emt 0:00:00] [#]} (40... Ra1 $142 41. Kd2 Kf8 42. Qxa1 Qxa1) 41. Qc7 (41. Kd2 $1 $18 {and the rest is easy.}) 41... Qa3 $16 (41... Qb4 $2 42. Ra2 Rxb3 43. Nxb3 Qxb3 44. Qc2 $18) 42. Kd2 {[%emt 0:01:16] Active counter play!} ({Don't take} 42. Bb5 Ra1) 42... Ra1 43. Qc3 Qa8 {[%emt 0:00:13] [#]} (43... Kf6 $16 44. Qxa1 Qxa1) 44. Qxa1 $3 $18 Qxa1 45. Ra2 {[%emt 0:00:02] Against Qa3} Qxa2+ (45... Nc4+ $2 46. bxc4 Qxa2+ 47. Nxa2 $18) 46. Nxa2 f5 (46... Kf8 {was necessary.} 47. Nb4 Ke7 48. Nc6+ Kd6) 47. Bb5 Nf6 48. Nb4 f4 49. Nd3 fxe3+ 50. Kxe3 {[%emt 0:00:04] Weighted Error Value: White=0.15 (very precise) /Black=0.24 (precise)} 1-0

[Event "5th Sharjah Masters 2022"]
[Site "Sharjah"]
[Date "2022.05.27"]
[Round "7.13"]
[White "Aravindh, Chithambaram VR."]
[Black "Abasov, Nijat"]
[Result "1/2-1/2"]
[ECO "A14"]
[WhiteElo "2606"]
[BlackElo "2635"]
[Annotator "TA"]
[PlyCount "219"]
[EventDate "2022.05.21"]
[EventType "swiss"]
[EventCountry "UAE"]
[SourceTitle "playchess.com"]
[Source "ChessBase"]
[SourceQuality "1"]
[TimeControl "5400+30"]

1. Nf3 d5 2. g3 Nf6 3. Bg2 e6 4. O-O Be7 5. c4 O-O 6. Ne5 Nc6 7. Nxc6 bxc6 8. d3 e5 9. Nd2 Re8 10. b3 Bc5 11. Bb2 Rb8 12. Qc2 Qd6 13. cxd5 cxd5 14. Rac1 Bb6 15. e4 dxe4 16. dxe4 Ba6 17. Nc4 Qe6 18. Nxe5 Bxf1 19. Bxf1 Qd6 20. Rd1 Qc5 21. Qxc5 Bxc5 22. Bc4 Red8 23. Bxf7+ Kf8 24. Rc1 Nxe4 25. Rxc5 Nxc5 26. Ba3 Ke7 27. Bxc5+ Kf6 28. f4 Rd2 29. Bc4 (29. Bxa7 $6 Rbd8 30. Bc4 Rxa2 $11) 29... Rbd8 (29... Kf5 $16 {was called for.}) 30. Ng4+ $2 (30. Bxa7 Rxa2 31. Bf2 Rdd2 $11) ({White should try} 30. a4 $1 $18) 30... Kf5 $11 31. Nf2 Rxa2 32. Kg2 Rc2 (32... a5 $11) 33. Bxa7 $16 Rc3 34. Bc5 h6 (34... c6 $16 35. Be7 Rd4) 35. Bb4 $18 Re3 36. Bc5 (36. Ba5 $18) 36... Rc3 $1 $16 37. Bb4 (37. Ba3 $16) 37... Re3 $1 $18 38. Ba5 $1 Rd7 39. Ba6 Rd6 40. Bc8+ ({White has to play} 40. g4+ $1 $18 Kg6 41. Bc4) 40... Kg6 $14 41. Ng4 ({Reject} 41. Bxc7 $6 Rc6 42. f5+ Kh7 $11) 41... Rxb3 42. Ne5+ Kf6 43. Bxc7 Rd2+ 44. Kh3 Rc3 45. Ba5 Rxh2+ $1 46. Kxh2 Rxc8 47. Kg2 g5 48. Ng4+ Kg6 49. Ne3 Rc5 $2 (49... gxf4 $11 50. gxf4 Ra8) 50. Bb6 (50. f5+ $18 Kf7 51. Bd2) 50... Rb5 $1 $14 51. Bd4 (51. f5+ $14 Kf7 52. Bc7) 51... gxf4 $11 52. gxf4 Rb4 53. Be5 h5 54. Kf3 Ra4 55. Bc7 Kf6 56. Bd8+ Ke6 57. Bh4 Ra3 58. Bf2 Ra4 59. Ng2 Kf5 60. Nh4+ Ke6 61. Be3 Rb4 62. Bd2 Ra4 63. Ke3 Ra3+ 64. Ke4 Ra4+ 65. Kf3 Ra3+ 66. Be3 Ra4 67. Ng2 Kf5 68. Bb6 Ke6 69. Bf2 Kf5 70. Be1 Ke6 71. Ne3 Kf6 72. Bc3+ Ke6 73. Be5 Rb4 74. Bc3 Ra4 75. f5+ Kf7 76. Be5 Ke7 77. Nd5+ Kf7 78. Nf6 Ra5 79. Kf4 Ra4+ 80. Kg5 h4 81. Ng4 h3 $1 82. Nf2 Ra3 $2 (82... Ra5 $11) 83. Kg4 $1 $18 Ra5 {[%emt 0:01:00] [#]} 84. Bg3 $2 ({Only move:} 84. Bf4 $1 $18) 84... Ra4+ $11 85. Kg5 Ra3 $1 86. Bd6 Ra6 87. Be5 Ra3 88. Ng4 Ra6 89. Bc7 Ke7 90. Kh4 Ra3 91. Be5 Kf7 92. Bd6 Ra6 93. Bg3 Ra5 94. Kg5 Ra2 95. Nh6+ Ke8 96. Ng4 Kf7 97. Bd6 Ra6 98. Nh6+ Ke8 99. Bf4 Ra2 100. f6 (100. Ng4 $5 Ke7 101. Bg3 $16) 100... Rg2+ 101. Kf5 Rf2 $1 ({Resist} 101... h2 102. f7+ Ke7 {[#]} 103. Bd6+ $1 Kd7 104. f8=Q $16 (104. Bxh2 Rxh2 105. f8=N+ Ke8 $11)) 102. Ng4 Rf1 103. Kg5 Kf7 104. Bh2 Ke6 105. Kg6 Rf5 106. Bg3 Rf3 107. Bb8 Rf1 108. Kg5 Rf5+ 109. Kh4 Rxf6 110. Nxf6 1/2-1/2

[Event "5th Sharjah Masters 2022"]
[Site "Sharjah"]
[Date "2022.05.27"]
[Round "7.14"]
[White "Muradli, Mahammad"]
[Black "Chigaev, Maksim"]
[Result "0-1"]
[ECO "D17"]
[WhiteElo "2539"]
[BlackElo "2631"]
[Annotator "TA"]
[PlyCount "112"]
[EventDate "2022.05.21"]
[EventType "swiss"]
[EventCountry "UAE"]
[SourceTitle "playchess.com"]
[Source "ChessBase"]
[SourceQuality "1"]
[TimeControl "5400+30"]

1. d4 d5 2. c4 c6 3. Nf3 Nf6 4. Nc3 dxc4 5. a4 Bf5 6. Ne5 Nbd7 7. Nxc4 Nb6 8. Ne5 a5 9. f3 {[%emt 0:03:26] D17: Slav Defence: 5 a4 Bf5: Lines with 6 Nh4 and 6 Ne5.} Nfd7 10. Nxd7 Bxd7 11. e4 {[%emt 0:00:20] The position is equal.} e6 12. Be3 {[%emt 0:01:19] [#]} Be7 $146 ({Predecessor:} 12... Bb4 13. Be2 O-O 14. O-O Rc8 15. Qb3 c5 16. Rfd1 Qe7 17. Kh1 Rfd8 18. dxc5 Bxc5 19. Bxc5 Qxc5 {0-1 (41) Popilski,G (2464)-Lazavik,D (2465) Chess.com INT 2021}) 13. Be2 O-O 14. O-O Rc8 15. Rc1 c5 16. Nb5 c4 17. Nc3 Bb4 18. Ra1 Qe7 19. g4 ({White should try} 19. Kh1 $11) 19... e5 (19... Qe8 $15) 20. dxe5 (20. d5 $5 Bc5 21. Bxc5 Qxc5+ 22. Kg2 $14) 20... Bc5 21. Bxc5 Qxc5+ 22. Kg2 Qxe5 23. Qe1 Bc6 24. Qf2 Qc7 25. Qc5 Nd7 26. Qxc4 Ne5 (26... Rfd8 $11) 27. Qd4 Ng6 28. Qe3 Nf4+ 29. Kg1 Qe5 30. Kh1 Rfd8 31. Rfd1 g6 32. Rxd8+ Rxd8 33. Rd1 Rc8 (33... Rxd1+ $11 34. Bxd1 h5) 34. Qd4 Qg5 35. Bf1 h5 36. gxh5 Qxh5 37. Qe3 Qe5 38. Qd4 Qh5 39. Qe3 Qe5 40. Rd2 Kg7 41. Qd4 Qxd4 42. Rxd4 Rh8 43. Kg1 Kf6 44. Rd2 (44. Rc4 $5 ) 44... Ke5 45. Nb5 Ne6 46. Nd6 Ng5 47. Be2 Kf4 48. Nc4 (48. Kg2 $5 ) 48... Bxa4 {[%emt 0:00:30] Strongly threatening ...b5.} 49. Rd4 {[%emt 0:01:15] [#]} (49. Nb6 $15 Bc6 50. Kg2) 49... Ne6 $1 $17 ({Much worse is} 49... Nxf3+ $6 50. Bxf3 Kxf3 51. Ne5+ Kf4 52. Nxf7 $11) 50. Rd5 {[%emt 0:00:23] [#]} Bb3 ({Better is} 50... Bc6 $1 $17 51. Rxa5 Nd4) 51. Rd7 $11 Ng5 {[%emt 0:00:45] ...Bxc4 is the strong threat.} 52. Nxa5 {[%emt 0:00:14] Now White is beyond hope.} ({White has to play} 52. Nb6 $1 $15) 52... Be6 $19 53. Rxb7 (53. Rc7 Nh3+ 54. Kf1) 53... Ke3 54. Bd1 Rd8 {[%emt 0:01:15][%mdl 64] Deflection} 55. Bb3 Rd2 ({Wrong is} 55... Nxf3+ $2 56. Kg2 Kf4 57. Bd5 $19) 56. Kh1 Nxf3 {[%emt 0:00:15] Weighted Error Value: White=0.38/Black=0.19 (very precise)} 0-1

[Event "5th Sharjah Masters 2022"]
[Site "Sharjah"]
[Date "2022.05.27"]
[Round "7.15"]
[White "Mchedlishvili, Mikheil"]
[Black "Yakubboev, Nodirbek"]
[Result "1/2-1/2"]
[ECO "E01"]
[WhiteElo "2595"]
[BlackElo "2630"]
[Annotator "TA"]
[PlyCount "50"]
[EventDate "2022.05.21"]
[EventType "swiss"]
[EventCountry "UAE"]
[SourceTitle "playchess.com"]
[Source "ChessBase"]
[SourceQuality "1"]
[TimeControl "5400+30"]

1. d4 Nf6 2. c4 e6 3. g3 d5 4. Bg2 Nc6 5. Nf3 Bd6 6. O-O O-O {[%emt 0:00:14] 6...0-0 is better than 6...dxc4. E01: Catalan: Early deviations.} 7. Nbd2 a5 8. Qc2 {[%emt 0:03:56] [#]} Nb4 $146 ({Predecessor:} 8... Bd7 9. e4 dxe4 10. Nxe4 Nxe4 11. Qxe4 Qf6 12. c5 Be7 13. Bf4 Rfc8 14. Ne5 Be8 {1-0 (40) Niemann,H (2635)-Rakhmatullaev,A (2183) Tashkent 2021}) 9. Qc3 c5 10. cxd5 cxd4 11. Nxd4 {[%emt 0:00:12] Threatens to win with dxe6.} Nfxd5 12. Qb3 Bc5 13. a3 {[%emt 0:09:29] The position is equal.} Bxd4 14. axb4 Nxb4 15. Nc4 e5 {[%emt 0:08:29] [#] Strongly threatening ...Be6.} 16. Bd2 Bc5 17. Bxb4 (17. Qc3 {looks sharper.} Be6 18. Qxe5 Bd4 19. Qe4) 17... Bxb4 18. Nxe5 Be6 {[%emt 0:05:59] Prevents Bd5.} 19. Qf3 Qd4 20. Nd3 Bg4 {[%emt 0:04:00] This bishop pair is nice.} 21. Qxb7 Rab8 22. Qd5 Qxd5 23. Bxd5 Bxe2 24. Nxb4 Rxb4 ({Much less strong is} 24... Bxf1 25. Nc6 Bd3 26. Nxb8 Rxb8 27. Rxa5 $16) 25. Rfe1 Rxb2 {[%emt 0:00:52] An even fight not without its subleties.  Weighted Error Value: White=0.06 (flawless) /Black=0.05 (flawless)} 1/2-1/2

[Event "5th Sharjah Masters 2022"]
[Site "Sharjah"]
[Date "2022.05.27"]
[Round "7.16"]
[White "Van Foreest, Lucas"]
[Black "Jumabayev, Rinat"]
[Result "1/2-1/2"]
[ECO "E32"]
[WhiteElo "2572"]
[BlackElo "2628"]
[Annotator "TA"]
[PlyCount "96"]
[EventDate "2022.05.21"]
[EventType "swiss"]
[EventCountry "UAE"]
[SourceTitle "playchess.com"]
[Source "ChessBase"]
[SourceQuality "1"]
[TimeControl "5400+30"]

1. d4 Nf6 2. c4 e6 3. Nc3 Bb4 4. Qc2 d6 5. e3 O-O 6. a3 {[%emt 0:00:16] E32: Nimzo-Indian: Classical (4 Qc2): 4...0-0.} Bxc3+ 7. Qxc3 e5 8. Nf3 Re8 {[%emt 0:12:08] [#]} 9. h3 $146 ({Predecessor:} 9. dxe5 dxe5 10. b4 a5 11. Bb2 axb4 12. axb4 Rxa1+ 13. Bxa1 Bg4 14. Be2 c5 15. Nxe5 Bxe2 16. Kxe2 cxb4 17. Qxb4 {1-0 (40) Delchev,A (2613)-Zelcic,R (2578) Zadar 2007}) 9... exd4 10. Nxd4 c5 11. Nf3 Nc6 12. Bd3 d5 13. O-O Ne4 14. Qc2 Bf5 15. b3 dxc4 16. bxc4 Qe7 17. Bb2 Rad8 18. Rad1 Bg6 (18... Rd6 $5 ) 19. Ba1 (19. Ne5 $5) 19... Ng5 (19... b6 {looks sharper.} 20. Ne5 Nxe5 21. Bxe4 Bxe4 22. Qxe4 Ng6) 20. Nxg5 {[%emt 0:00:41] Hoping for Bxg6.} Qxg5 21. Bxg6 Qxg6 22. Qxg6 hxg6 23. Rd5 $1 b6 24. Rfd1 Rc8 25. Bc3 (25. Rc1 $15) 25... Re4 $17 26. R1d3 Rxc4 27. f3 (27. Kf1 $17) 27... b5 $19 28. Bd2 (28. Kf2 {was worth a try.}) 28... a5 29. e4 Rc2 {[%emt 0:00:48] ...b4 is the strong threat.} 30. Rc3 Rxc3 31. Bxc3 {[%emt 0:45:21][%mdl 4096] Endgame KRB-KRN} b4 32. Be1 (32. Ba1 c4 33. Kf2) 32... c4 (32... b3 $142 {White must now prevent ...Nd4.} 33. Bc3 Nb4 $1 34. axb4 cxb4) 33. Rc5 c3 {[%emt 0:00:49] Strongly threatening ...Na7.} (33... bxa3 34. Bc3 $17) 34. Kf2 Kf8 ({Stronger than} 34... bxa3 35. Bxc3 a2 36. Ba1 $15) 35. Ke3 Ke8 (35... bxa3 36. Rxc3 a2 37. Ra3 $11) 36. Bg3 Kd7 ({Weaker is} 36... bxa3 37. Be5 $17) 37. Bf4 $2 (37. Be1) 37... f6 38. Rd5+ Ke6 39. Rc5 bxa3 {[%emt 0:00:53] Threatens to win with ...a2.} 40. Rxc3 a2 ({Don't blunder} 40... g5 $2 41. Rxa3 gxf4+ 42. Kxf4 $19) 41. Ra3 Nb4 (41... g5 $142 42. Rxa2 gxf4+ 43. Kxf4 Ra8) 42. Ke2 Rc2+ 43. Bd2 Nc6 (43... Rb2 $19 {and Black stays clearly on top.} 44. Rxa5 Kd6) 44. Kd3 $17 {[%emt 0:00:00][%csl LRa5,LRc2] [#]} Rb2 (44... Nd4 $1 $17 45. Bf4 (45. Kxd4 Rxd2+) 45... g5) 45. Kc3 $11 {[%emt 0:00:00] The position is equal.} Rb5 46. Rxa2 g5 47. Kc4 Rb8 48. Bc3 Rc8 {[%emt 0:01:07] Weighted Error Value: White=0.31/Black=0.29 (precise)} 1/2-1/2